 Dungeon Crawl Stone Soup version 0.19-a0-1704-gbd66c22 (webtiles) character file.

5878 Amnesiac the Demolition Dwarf (level 10, -1/88 HPs)
             Began as a Deep Dwarf Fighter on Sept 27, 2016.
             Was an Elder of Makhleb.
             Slain by an ogre
             ... wielding a +0 giant club
              (23 damage)
             ... on level 10 of the Dungeon.
             The game lasted 00:14:15 (8905 turns).

Amnesiac the Demolition Dwarf (Deep Dwarf Fighter)  Turns: 8905, Time: 00:14:16

Health: -1/88      AC: 17    Str: 20    XL:     10   Next: 52%
Magic:  19/19      EV:  6    Int:  9    God:    Makhleb [****..]
Gold:   826        SH:  9    Dex: 15    Spells: 0 memorised, 9 levels left

rFire  . . .     SeeInvis .     n - +1 whip (elec)
rCold  . . .     Gourm    .     B - +0 plate armour
rNeg   . . .     Faith    .     y - +0 buckler
rPois  .         Spirit   .     i - +0 helmet
rElec  .         Dismiss  .     F - +0 cloak
rCorr  .         Reflect  +     (no gloves)
MR     +....     Harm     .     (no boots)
Stlth  ..........               z - +4 amulet of reflection
                                C - ring of loudness (curse)
                                u - ring of stealth

@: non-regenerating
A: damage resistance, recharge devices, sense surroundings 2, slow regeneration
3
a: Device Recharging, Minor Destruction, Lesser Servant of Makhleb, Major
Destruction, Renounce Religion


You were on level 10 of the Dungeon.
You worshipped Makhleb.
Makhleb was greatly pleased with you.
You were not hungry.

You visited 2 branches of the dungeon, and saw 11 of its levels.

You collected 826 gold pieces.

Inventory:

Hand Weapons
 n - a +1 whip of electrocution (weapon)
 p - a +2 trident of freezing
 W - a +0 hand axe of freezing
Missiles
 I - 2 throwing nets (quivered)
Armour
 c - a +0 shield
 i - a +0 helmet (worn)
 y - a +0 buckler (worn)
 B - a +0 plate armour (worn)
 F - a +0 cloak (worn)
Jewellery
 u - a ring of stealth (left hand)
 z - a +4 amulet of reflection (around neck)
 C - a cursed ring of loudness (right hand)
 K - a +5 ring of intelligence {unknown}
 L - an uncursed ring of wizardry {unknown}
 P - a +2 ring of strength {unknown}
Wands
 e - a wand of heal wounds (1/9)
 t - a wand of paralysis (10/24)
 N - a wand of flame (27/48)
 S - a wand of teleportation (1/9)
Scrolls
 b - a scroll of fear {unknown}
 g - 3 scrolls of enchant armour {unknown}
 j - 2 scrolls of noise {unknown}
 l - 6 scrolls of remove curse {unknown}
 o - 4 scrolls of amnesia {unknown}
 q - 7 scrolls of identify {unknown}
 r - 4 scrolls of teleportation {unknown}
 s - a scroll of magic mapping {unknown}
 x - 2 scrolls of random uselessness {unknown}
 A - 3 scrolls of fog {unknown}
 Q - 2 scrolls of vulnerability {unknown}
Potions
 d - a potion of might
 h - 2 potions of ambrosia {unknown}
 w - a potion of invisibility {unknown}
 D - 2 potions of haste {unknown}
 E - a potion of agility {unknown}
 G - a potion of heal wounds
 H - 3 potions of curing {unknown}
 J - a potion of brilliance
 R - a potion of cancellation {unknown}
 V - a potion of resistance {unknown}
 X - a potion of berserk rage {unknown}
Books
 M - Resketwe's Arcane Arts in Simple Steps
   (You found it on level 3 of the Dungeon)

   Spells                             Type                      Level
   a - Shroud of Golubria             Charms/Translocation         2
   b - Swiftness                      Charms/Air                   2
   c - Throw Flame                    Conjuration/Fire             2
   d - Ensorcelled Hibernation        Hexes/Ice                    2
   e - Call Imp                       Summoning                    2
 O - a Young Poisoner's Handbook

   Spells                             Type                      Level
   a - Sting                          Conjuration/Poison           1
   b - Mephitic Cloud                 Conjuration/Poison/Air       3
   c - Olgreb's Toxic Radiance        Poison                       4
   d - Alistair's Intoxication        Transmutation/Poison         5
   e - Venom Bolt                     Conjuration/Poison           5
Miscellaneous
 Y - a lamp of fire
Comestibles
 a - 10 royal jellies
 f - 5 bread rations
 k - a slice of pizza
 m - 4 meat rations
 v - 2 beef jerkies
 T - 5 fruits
 U - 5 chunks of flesh


   Skills:
 + Level 5.2 Fighting
 - Level 10.5 Axes
 - Level 7.3 Armour
 - Level 4.1 Shields
 - Level 12.5 Invocations


You had 9 spell levels left.
You didn't know any spells.

Dungeon Overview and Level Annotations

Branches:
Dungeon (10/15)            Temple (1/1) D:6            Lair (0/6) D:10
    Orc (0/2) D:9

Altars:
Ashenzari
Cheibriados
Dithmenos
Elyvilon
Fedhas
Gozag
Hepliaklqana
Kikubaaqudgha
Makhleb
Nemelex Xobeh
Okawaru
Qazlal
Ru
Sif Muna
Trog
Uskayaw
Vehumet
Xom
Yredelemnul
Zin
The Shining One


Innate Abilities, Weirdness & Mutations

You are resistant to damage.
You can recharge devices by infusing magical energy.
You passively map the area around you.
You do not regenerate.


Message History

The ogre hits you with a giant club!
* * * LOW HITPOINT WARNING * * *
You hit the ogre.
The ogre is heavily wounded.
Unknown command.
You hit the ogre.
The ogre is heavily wounded.
The ogre hits you with a giant club.
Unknown command.
You barely miss the ogre.
The ogre is heavily wounded.
Unknown command.
You barely miss the ogre.
The ogre is heavily wounded.
The ogre barely misses you.
Unknown command.
You barely miss the ogre.
The ogre is heavily wounded.
The ogre hits you with a giant club!!
You die...

.........#...#........#.#....# #§
...#.#.#.#...#.########.#....# #§
...#.........#..# #.##...# #§
...###.#.....#..#######......# #.
...###.#.....#...>...........# #.
.......#.#..##..############.# #.
.#######.#..........########.# #.
................O...'......#.# #.
#####...........@...######.#.# #.
.........#......÷...# #.#.# #.
.#########..........######.#.# #.
.#...........................# #.
.#.#######.##..........###.#####.
.#.# #.............# #.#.....
.#.## #.............# #.#.###.
....# #.............###.#.#...
....# ##.................#.#.#.


You could see an ogre.

Vanquished Creatures
  A komodo dragon (D:10)
  Grinder (D:5)
  A troll (D:10)
  Prince Ribbit (D:7)
  2 hippogriffs
  A wyvern (D:10)
  Menkaure (D:5)
  Edmund (D:6)
  2 ice beasts
  A phantom (D:9)
  A black bear (D:9)
  2 orc warriors (D:9)
  An ogre (D:3)
  3 centaurs
  Blork the orc (D:5)
  4 big kobolds (D:9)
  4 gnoll sergeants (D:9)
  3 bullfrogs
  The ghost of Amnesiac the Covered, a weakling DDFi (D:4)
  A scorpion (D:7)
  9 killer bees
  3 crimson imps
  A centaur zombie (D:5)
  A bullfrog zombie (D:7)
  4 hounds
  4 jellies
  2 quasits
  Crazy Yiuf (D:2)
  An orc priest (D:4)
  2 centaur skeletons (D:9)
  2 gnoll shamans
  6 orc wizards
  Ijyb (D:2)
  An iguana (D:4)
  A statue (D:6)
  2 worker ants
  A hound zombie (D:10)
  3 howler monkey zombies
  61 gnolls
  2 worker ant zombies (D:9)
  10 adders
  7 oozes
  An adder skeleton (D:9)
  A worm (D:4)
  6 dart slugs
  8 leopard geckos
  28 orcs
  10 giant cockroaches
  3 goblins
  7 hobgoblins
  20 jackals
  9 kobolds
  3 quokkas (D:2)
  A ball python (D:1)
  5 bats
  3 frilled lizards (D:1)
  A leopard gecko skeleton (D:4)
  A quokka skeleton (D:4)
  A quokka zombie (D:7)
  10 rats
276 creatures vanquished.

Vanquished Creatures (collateral kills)
  2 trolls (D:9)
2 creatures vanquished.

Vanquished Creatures (others)
  A centaur (D:8)
  A goblin (D:2)
  2 plants (D:10)
4 creatures vanquished.

Grand Total: 282 creatures vanquished

Notes
Turn   | Place    | Note
-------+----------+-------------------------------------------
     0 | D:1      | Amnesiac the Deep Dwarf Fighter began the quest for the Orb.
     0 | D:1      | Reached XP level 1. HP: 20/20 MP: 1/1
   104 | D:1      | Reached XP level 2. HP: 28/28 MP: 2/2
   108 | D:2      | You fall through a shaft!
   225 | D:4      | Reached XP level 3. HP: 31/34 MP: 3/3
   228 | D:4      | Reached XP level 4. HP: 38/42 MP: 4/4
   320 | D:4      | Reached skill level 5 in Axes
   348 | D:4      | Noticed Amnesiac's ghost (weakling DDFi)
   369 | D:4      | Reached XP level 5. HP: 22/49 MP: 5/5
   385 | D:4      | Killed Amnesiac's ghost
   667 | D:4      | Reached XP level 6. HP: 33/56 MP: 6/6
   735 | D:5      | Entered Level 5 of the Dungeon
   889 | D:5      | Noticed Menkaure
   894 | D:5      | Killed Menkaure
   905 | D:5      | Noticed Blork the orc
   915 | D:5      | Killed Blork the orc
   915 | D:5      | Reached XP level 7. HP: 21/62 MP: 7/7
   986 | D:5      | Found a glowing silver altar of Zin.
   986 | D:5      | Noticed Grinder
  1005 | D:5      | Paralysed by Grinder for 2 turns
  1015 | D:5      | Paralysed by Grinder for 6 turns
  1041 | D:5      | Killed Grinder
  1667 | D:6      | Noticed Edmund
  1679 | D:6      | Killed Edmund
  1679 | D:6      | Reached skill level 10 in Axes
  1740 | D:6      | Found a staircase to the Ecumenical Temple.
  1762 | Temple   | Entered the Ecumenical Temple
  1775 | Temple   | Became a worshipper of Makhleb the Destroyer
  1959 | D:2      | Reached XP level 8. HP: 28/69 MP: 8/8
  2659 | D:2      | Reached * piety under Makhleb
  2782 | D:2      | Noticed Ijyb
  2794 | D:2      | Killed Ijyb
  2832 | D:2      | Found a deep blue altar of Sif Muna.
  3113 | D:2      | Found a runed door.
  3117 | D:2      | Noticed Crazy Yiuf
  3128 | D:2      | Killed Crazy Yiuf
  3205 | D:3      | Found a snail-covered altar of Cheibriados.
  3257 | D:3      | Reached skill level 1 in Invocations
  3375 | D:3      | Reached skill level 2 in Invocations
  3452 | D:3      | Reached ** piety under Makhleb
  3752 | D:3      | Reached skill level 3 in Invocations
  3781 | D:3      | Reached skill level 4 in Invocations
  3812 | D:3      | Reached skill level 5 in Invocations
  3886 | D:3      | Reached skill level 6 in Invocations
  3910 | D:3      | Reached *** piety under Makhleb
  3951 | D:3      | Reached skill level 7 in Invocations
  4033 | D:3      | Identified Resketwe's Arcane Arts in Simple Steps
  4369 | D:6      | Found a radiant altar of Vehumet.
  4570 | D:7      | Reached skill level 8 in Invocations
  4928 | D:7      | Gained mutation: You passively map the area around you. [Deep Dwarf growth]
  4928 | D:7      | Reached XP level 9. HP: 52/75 MP: 15/15
  5177 | D:7      | Reached skill level 9 in Invocations
  5187 | D:7      | Noticed Prince Ribbit
  5231 | D:7      | Killed Prince Ribbit
  5555 | D:7      | Reached skill level 10 in Invocations
  5796 | D:8      | Reached **** piety under Makhleb
  6009 | D:8      | Found a bloodstained altar of Trog.
  6192 | D:8      | Found a glowing golden altar of the Shining One.
  6247 | D:8      | Reached skill level 11 in Invocations
  6704 | D:9      | Reached skill level 12 in Invocations
  6954 | D:9      | Found a stormy altar of Qazlal.
  6955 | D:9      | Found an iron altar of Okawaru.
  7179 | D:9      | Reached skill level 5 in Armour
  7179 | D:9      | Reached XP level 10. HP: 75/84 MP: 19/19
  7282 | D:9      | Found a staircase to the Orcish Mines.
  7921 | D:10     | Entered Level 10 of the Dungeon
  8138 | D:10     | Found a sacrificial altar of Ru.
  8206 | D:10     | Found a staircase to the Lair.
  8785 | D:10     | Reached skill level 5 in Fighting
  8905 | D:10     | Slain by an ogre

Vault maps used:
D:1:      eino_arrival_cavern_e, st_stairs_4, minmay_domino_4
D:2:      led_sif_pool, minmay_strange_pillars, uniq_iyjb,
          uniq_crazy_yiuf_cottage
D:3:      lemuel_castle_with_subvaults, lemuel_doored_altar, first_bread,
          kennysheep_generic_room_10
D:4:      cheibrodos_gnoll_hut
D:5:      overflow_temple_1_default, uniq_blork_the_orc, uniq_menkaure,
          uniq_grinder
D:6:      vehumet_statue, uniq_edmund
D:7:      uniq_prince_ribbit1
D:8:      lemuel_round_altar, lemuel_coloured_pillars_altar
D:9:      minitemple, kennysheep_orc_monster_closet_entryway, serial_glass,
          glass_columns_a, glass_columns_c, glass_columns_a, glass_columns_b,
          glass_columns_a, glass_columns_c, hangedman_little_slice_of_home
D:10:     david_lair_shrubbed, small_statue_alley_a, statue_in_the_mist_lemuel,
          hangedman_ru_absence
Temple:   dshaligram_water_room_temple

Skill      XL: |  1  2  3  4  5  6  7  8  9 10 |
---------------+-------------------------------+-----
Fighting       | 3 5 |  5.2
Axes           | 4 5 6 8 10 | 10.5
Invocations    | 8 12 | 12.5
Shields        | 4 |  4.1
Armour         | 5 7 |  7.3

Action                   |  1- 3 |  4- 6 |  7- 9 | 10-12 || total
-------------------------+-------+-------+-------+-------++-------
Melee: War axe           |    45 |    62 |       |       ||   107
       Whip              |       |    64 |   829 |   223 ||  1116
       Hand axe          |       |       |    24 |       ||    24
Invok: Minor Destruction |       |       |    17 |    13 ||    30
       Lesser Servant of |       |       |       |     2 ||     2
Evoke: Wand              |       |     2 |     1 |     1 ||     4
  Use: Potion            |       |       |     3 |       ||     3
 Stab: Distracted        |       |       |       |     1 ||     1
  Eat: Chunk             |       |       |    21 |     6 ||    27
Armor: Scale mail        |    25 |    42 |    58 |       ||   125
       Plate armour      |       |       |   314 |   106 ||   420
Dodge: Dodged            |    16 |    31 |   113 |    54 ||   214
Block: Shield            |    26 |    53 |   414 |       ||   493
       Reflection        |       |       |    11 |     1 ||    12
       Buckler           |       |       |    48 |    87 ||   135
